[Event "CN Seniori 2012"]
[Site "Sarata Monteoru/Romania"]
[Date "2012.02.13"]
[Round "1.1"]
[White "Pisu, Robert-Daniel"]
[Black "Parligras, Mircea-Emilian"]
[Result "0-1"]
[ECO "E15"]
[WhiteElo "2037"]
[BlackElo "2650"]
[PlyCount "108"]
[EventDate "2012.??.??"]
[TimeControl "40/5400+30:900+30"]

1. d4 Nf6 2. Nf3 e6 3. c4 b6 4. g3 Ba6 5. b3 Bb4+ 6. Bd2 Be7 7. Nc3 O-O 8. Bg2
c6 9. O-O d5 10. cxd5 cxd5 11. Ne5 Nfd7 12. Nxd7 Qxd7 13. Re1 Nc6 14. e4 dxe4
15. Bxe4 Bf6 16. Qh5 h6 17. Bxh6 Rfc8 18. Be3 g6 19. Qf3 Bg7 20. Rac1 f5 21.
Bxc6 Rxc6 22. Bf4 Rac8 23. Be5 Bxe5 24. dxe5 Qd4 25. Qe3 Qxe3 26. Rxe3 Rd8 27.
Kg2 Rd2 28. Rd1 Rxd1 29. Nxd1 Rc1 30. Nc3 g5 31. Ne2 Bb7+ 32. f3 Rc2 33. Kf1
Rxa2 34. Nd4 Kf7 35. Rc3 Bd5 36. Rc7+ Kg6 37. Re7 f4 38. g4 Rxh2 39. Nxe6 Rh8
40. Nd4 Rh7 41. Rxh7 Kxh7 42. Ke2 a5 43. Kd3 b5 44. Kc3 b4+ 45. Kd3 Kg6 46. Ke2
Kf7 47. Kd3 Ke7 48. Kd2 Kd7 49. Kd3 Kc7 50. Kd2 Kb6 51. Kc2 Kc5 52. Kd3 a4 53.
bxa4 b3 54. Nf5 Kb4 0-1

[Event "CN Seniori 2012"]
[Site "Sarata Monteoru/Romania"]
[Date "2012.02.13"]
[Round "1.2"]
[White "Lupulescu, Constantin"]
[Black "Anuta, Elefterie-Laurentiu"]
[Result "1-0"]
[ECO "B07"]
[WhiteElo "2648"]
[BlackElo "2017"]
[PlyCount "97"]
[EventDate "2012.??.??"]
[TimeControl "40/5400+30:900+30"]

1. e4 d6 2. d4 Nf6 3. f3 c6 4. c4 e5 5. Ne2 Be7 6. Nbc3 Be6 7. d5 cxd5 8. cxd5
Bd7 9. Be3 O-O 10. Qb3 b6 11. Ng3 h5 12. Bd3 h4 13. Nge2 Nh5 14. g3 Bc8 15.
O-O-O Nd7 16. f4 Nhf6 17. Bb5 Ng4 18. Bg1 Nc5 19. Qc2 h3 20. Bc6 Rb8 21. Nb5 a6
22. Na7 Qc7 23. Nxc8 Rbxc8 24. Nc3 Rb8 25. Na4 Bf6 26. Kb1 Bd8 27. Rc1 Qe7 28.
Qe2 Nf6 29. Nxc5 bxc5 30. Rc4 a5 31. Bf2 Bc7 32. Be1 Rfd8 33. Bc3 Nd7 34. Bxd7
Rxd7 35. Qg4 f6 36. Qxh3 Rdd8 37. Qe6+ Kf8 38. Rf1 Qxe6 39. dxe6 Ke7 40. f5 Rh8
41. h4 Rbg8 42. Be1 g5 43. Rh1 g4 44. Bc3 Ra8 45. Ra4 Rab8 46. Kc2 Rb5 47. Kd3
Rhb8 48. h5 Kf8 49. Rh4 1-0

[Event "CN Seniori 2012"]
[Site "Sarata Monteoru/Romania"]
[Date "2012.02.13"]
[Round "1.3"]
[White "Jugaru, Lucian"]
[Black "Vajda, Levente"]
[Result "0-1"]
[ECO "A08"]
[WhiteElo "2013"]
[BlackElo "2594"]
[PlyCount "56"]
[EventDate "2012.??.??"]
[TimeControl "40/5400+30:900+30"]

1. Nf3 Nf6 2. g3 c5 3. Bg2 Nc6 4. d3 d5 5. O-O e5 6. e4 Be7 7. Nc3 Be6 8. Ng5
Bg4 9. f3 Bh5 10. g4 Bg6 11. exd5 Nxd5 12. Nh3 Nxc3 13. bxc3 h5 14. Nf2 c4 15.
Qe2 O-O 16. dxc4 Qa5 17. gxh5 Bxh5 18. Bd2 Rad8 19. Rfb1 Rd7 20. Rb5 Qd8 21.
Be3 f5 22. Nd3 Bd6 23. Bc5 e4 24. Ne1 Bxc5+ 25. Rxc5 Qb6 26. Qf2 e3 27. Qxe3
Re8 28. Qf2 Qb2 0-1

[Event "CN Seniori 2012"]
[Site "Sarata Monteoru/Romania"]
[Date "2012.02.13"]
[Round "1.4"]
[White "Szabo, Gergely-Andras-Gyul"]
[Black "Adoamnei, Roxana"]
[Result "1-0"]
[ECO "B06"]
[WhiteElo "2554"]
[BlackElo "2005"]
[PlyCount "75"]
[EventDate "2012.??.??"]
[TimeControl "40/5400+30:900+30"]

1. e4 c6 2. d4 g6 3. Nc3 Bg7 4. Bc4 b5 5. Bb3 b4 6. Nce2 d5 7. exd5 cxd5 8. a3
bxa3 9. Rxa3 e6 10. Nf3 Nd7 11. O-O Ne7 12. Bf4 Nb6 13. Nc3 Bd7 14. Qa1 Nf5 15.
Rd1 O-O 16. Rxa7 Rc8 17. Ne5 g5 18. Bg3 Bxe5 19. Bxe5 f6 20. Bg3 h5 21. Qa6 Rc6
22. Bc7 Rxc7 23. Qxb6 Rxa7 24. Qxa7 Rf7 25. Qc5 Kg7 26. Ne2 Qa8 27. Ng3 Nxg3
28. hxg3 Qa6 29. Re1 Bb5 30. c3 Rd7 31. Bd1 g4 32. Bc2 f5 33. b3 Kf7 34. c4
dxc4 35. Bxf5 exf5 36. Qxf5+ Qf6 37. Qxb5 Rxd4 38. Qe8+ 1-0

[Event "CN Seniori 2012"]
[Site "Sarata Monteoru/Romania"]
[Date "2012.02.13"]
[Round "1.5"]
[White "Gheorghiu, Calin"]
[Black "Manolache, Marius"]
[Result "0-1"]
[ECO "B06"]
[WhiteElo "2003"]
[BlackElo "2552"]
[PlyCount "90"]
[EventDate "2012.??.??"]
[TimeControl "40/5400+30:900+30"]

1. e4 g6 2. d4 Bg7 3. Nc3 d6 4. Be3 a6 5. Qd2 b5 6. a4 b4 7. Nd1 a5 8. Bc4 Nf6
9. f3 d5 10. Bb5+ c6 11. Bd3 dxe4 12. fxe4 Ng4 13. Nf3 O-O 14. O-O Nxe3 15.
Qxe3 Nd7 16. c4 bxc3 17. bxc3 c5 18. Ra2 Qc7 19. Raf2 Nf6 20. Ne5 Be6 21. Nb2
Rad8 22. Nbc4 cxd4 23. cxd4 Ng4 24. Nxg4 Bxd4 25. Qe1 Bxg4 26. Ne3 Be6 27. Kh1
Qe5 28. Rf3 Bc3 29. Qe2 Bb4 30. Nc4 Qh5 31. Qb2 Rxd3 32. Rxd3 Bxc4 33. Rh3 Qxh3
34. gxh3 Bxf1 35. h4 Rd8 36. h5 Rd1 37. Qc2 Be2+ 38. Kg2 Bxh5 39. Qc8+ Kg7 40.
Qc4 Rd2+ 41. Kg1 Bf3 42. Qc7 Rg2+ 43. Kf1 Rg4 44. Qe5+ f6 45. Qe6 Bc5 0-1

[Event "CN Seniori 2012"]
[Site "Sarata Monteoru/Romania"]
[Date "2012.02.13"]
[Round "1.6"]
[White "Nevednichy, Vladislav"]
[Black "Acsinte, Matei-Ionut"]
[Result "1-0"]
[ECO "A21"]
[WhiteElo "2546"]
[BlackElo "1997"]
[PlyCount "45"]
[EventDate "2012.??.??"]
[TimeControl "40/5400+30:900+30"]

1. c4 e5 2. Nc3 g6 3. g3 Bg7 4. Bg2 Ne7 5. b4 c6 6. b5 O-O 7. Rb1 d6 8. d3 f5
9. Ba3 e4 10. Qd2 exd3 11. exd3 f4 12. Nf3 fxg3 13. hxg3 Bg4 14. Nh2 Be6 15.
O-O Nf5 16. bxc6 Nxc6 17. Rxb7 Qa5 18. Bb2 Bh6 19. Qe1 Ne5 20. Rb5 Qc7 21. Ng4
Rab8 22. Nd5 Qd7 23. Ndf6+ 1-0

[Event "CN Seniori 2012"]
[Site "Sarata Monteoru/Romania"]
[Date "2012.02.13"]
[Round "1.7"]
[White "Ursan, Cornel-Marius"]
[Black "Miron, Lucian-Costin"]
[Result "0-1"]
[ECO "E06"]
[WhiteElo "1990"]
[BlackElo "2525"]
[PlyCount "82"]
[EventDate "2012.??.??"]
[TimeControl "40/5400+30:900+30"]

1. d4 d5 2. c4 e6 3. Nf3 Nf6 4. g3 Be7 5. Bg2 O-O 6. O-O Ne4 7. Nbd2 Nxd2 8.
Bxd2 Bd7 9. Qc2 c6 10. Ne5 f6 11. Nxd7 Nxd7 12. e4 dxc4 13. Qxc4 Kh8 14. Qxe6
f5 15. exf5 Bf6 16. Bc3 Nb6 17. Rfe1 Na4 18. Qb3 Nxc3 19. bxc3 Qb6 20. Re6 Qxb3
21. axb3 a6 22. b4 Kg8 23. f4 Rfe8 24. g4 h6 25. Be4 Kf7 26. Bc2 Rxe6 27. Bb3
Ke7 28. fxe6 Kd6 29. Kf2 g5 30. f5 b6 31. Ke3 a5 32. c4 Kc7 33. bxa5 bxa5 34.
c5 Rb8 35. Bc4 Rd8 36. Rxa5 Kb8 37. d5 cxd5 38. Bb5 d4+ 39. Kd3 h5 40. Bd7 hxg4
41. c6 Rh8 0-1

[Event "CN Seniori 2012"]
[Site "Sarata Monteoru/Romania"]
[Date "2012.02.13"]
[Round "1.8"]
[White "Jianu, Vlad-Cristian"]
[Black "Mongescu, Lucian"]
[Result "1-0"]
[ECO "D36"]
[WhiteElo "2508"]
[BlackElo "1984"]
[PlyCount "45"]
[EventDate "2012.??.??"]
[TimeControl "40/5400+30:900+30"]

1. d4 d5 2. c4 e6 3. Nc3 Nf6 4. Bg5 Be7 5. e3 Nbd7 6. Nf3 c6 7. cxd5 exd5 8.
Qc2 O-O 9. Bd3 Re8 10. O-O h6 11. Bh4 a6 12. Rab1 Qc7 13. b4 Bd6 14. Rfc1 Ng4
15. Bg3 Bxg3 16. hxg3 Ndf6 17. a4 Nxf2 18. Qxf2 Ng4 19. Qd2 Qxg3 20. Re1 Nf6
21. e4 Bd7 22. e5 Ng4 23. Rf1 1-0

[Event "CN Seniori 2012"]
[Site "Sarata Monteoru/Romania"]
[Date "2012.02.13"]
[Round "1.9"]
[White "Lupascu, Matei-Alexandru"]
[Black "Filip, Lucian"]
[Result "0-1"]
[ECO "A67"]
[WhiteElo "1979"]
[BlackElo "2490"]
[PlyCount "56"]
[EventDate "2012.??.??"]
[TimeControl "40/5400+30:900+30"]

1. d4 Nf6 2. c4 c5 3. d5 e6 4. Nc3 exd5 5. cxd5 d6 6. e4 g6 7. f4 Bg7 8. Bb5+
Nfd7 9. a4 O-O 10. Nf3 Na6 11. O-O Nc7 12. Bc4 Nb6 13. Ba2 Bg4 14. h3 Bxf3 15.
Rxf3 Na6 16. a5 Nd7 17. Bc4 Re8 18. Qe2 Nb4 19. a6 bxa6 20. Bxa6 Nxa6 21. Rxa6
Nb6 22. Qc2 Qe7 23. Na4 Nxd5 24. exd5 Qe1+ 25. Kh2 Re2 26. Re3 Rxe3 27. Bxe3
Qxe3 28. Qc4 Bh6 0-1

[Event "CN Seniori 2012"]
[Site "Sarata Monteoru/Romania"]
[Date "2012.02.13"]
[Round "1.10"]
[White "Berescu, Alin-Mile"]
[Black "David, Alexandru-Vasile"]
[Result "1-0"]
[ECO "A36"]
[WhiteElo "2488"]
[BlackElo "1968"]
[PlyCount "83"]
[EventDate "2012.??.??"]
[TimeControl "40/5400+30:900+30"]

1. c4 g6 2. g3 Bg7 3. Bg2 Nf6 4. Nc3 O-O 5. e4 d6 6. Nge2 c5 7. O-O Nc6 8. d3
Rb8 9. h3 a6 10. a4 Ne8 11. Be3 Nc7 12. d4 cxd4 13. Nxd4 Nxd4 14. Bxd4 Bxd4 15.
Qxd4 e5 16. Qe3 Ne6 17. f4 Nd4 18. f5 gxf5 19. Nd5 Be6 20. exf5 Nxf5 21. Rxf5
Bxf5 22. Rf1 Bg6 23. Nf6+ Kg7 24. h4 h5 25. Qg5 Rh8 26. Bd5 Qc7 27. Ne4 Rbf8
28. Qf6+ Kh6 29. Nxd6 Rhg8 30. Nxf7+ Rxf7 31. Bxf7 Rg7 32. Bxg6 Rxg6 33. Qh8+
Qh7 34. Qxe5 Qg7 35. Qxg7+ Kxg7 36. Rf3 a5 37. Kf2 Rb6 38. b3 Kg6 39. Ke2 Rd6
40. Ke3 Rd7 41. Ke4 Rd8 42. Ke5 1-0

[Event "CN Seniori 2012"]
[Site "Sarata Monteoru/Romania"]
[Date "2012.02.13"]
[Round "1.11"]
[White "Toma, Mihail"]
[Black "Dumitrache, Dragos-Nicolae"]
[Result "0-1"]
[ECO "A46"]
[WhiteElo "1964"]
[BlackElo "2460"]
[PlyCount "34"]
[EventDate "2012.??.??"]
[TimeControl "40/5400+30:900+30"]

1. d4 Nf6 2. Nf3 d6 3. Bg5 Nbd7 4. e3 e5 5. dxe5 dxe5 6. Nbd2 Be7 7. Nb3 O-O 8.
Be2 a5 9. a4 c6 10. O-O Qc7 11. c3 Re8 12. Qc2 Nf8 13. Rfd1 Be6 14. Bxf6 Bxf6
15. Nc5 Bg4 16. h3 Bh5 17. Qb3 e4 0-1

[Event "CN Seniori 2012"]
[Site "Sarata Monteoru/Romania"]
[Date "2012.02.13"]
[Round "1.12"]
[White "Cioara, Andrei-Nestor"]
[Black "Fugulyan, Grigore"]
[Result "1-0"]
[ECO "E06"]
[WhiteElo "2456"]
[BlackElo "1958"]
[PlyCount "93"]
[EventDate "2012.??.??"]
[TimeControl "40/5400+30:900+30"]

1. d4 d5 2. c4 e6 3. Nf3 Nf6 4. g3 Be7 5. Bg2 O-O 6. O-O Ne4 7. Nbd2 Nxd2 8.
Bxd2 Bd7 9. Qc2 c6 10. Ne5 f6 11. Nxd7 Nxd7 12. e4 dxc4 13. Qxc4 Kh8 14. Qxe6
f5 15. exf5 Bf6 16. Bc3 Nb6 17. Rfe1 Na4 18. Qb3 Nxc3 19. bxc3 Qb6 20. Re6 Qxb3
21. axb3 a6 22. b4 Kg8 23. f4 Rfe8 24. g4 h6 25. Be4 Kf7 26. Bc2 Rxe6 27. Bb3
Ke7 28. fxe6 Kd6 29. Kf2 g5 30. f5 b6 31. Ke3 a5 32. c4 Kc7 33. bxa5 bxa5 34.
c5 Rb8 35. Bc4 Rd8 36. Rxa5 Kb8 37. d5 cxd5 38. Bb5 d4+ 39. Kd3 h5 40. Bd7 hxg4
41. c6 Rh8 42. Rb5+ Kc7 43. Rb7+ Kd6 44. c7 Rh3+ 45. Ke2 d3+ 46. Kd2 Be5 47.
c8=Q 1-0

[Event "CN Seniori 2012"]
[Site "Sarata Monteoru/Romania"]
[Date "2012.02.13"]
[Round "1.13"]
[White "Fulger, Ionut"]
[Black "Danilov, Vladimir"]
[Result "0-1"]
[ECO "D11"]
[WhiteElo "1946"]
[BlackElo "2440"]
[PlyCount "64"]
[EventDate "2012.??.??"]
[TimeControl "40/5400+30:900+30"]

1. d4 d5 2. Nf3 c6 3. e3 Bf5 4. c4 e6 5. Qb3 Qb6 6. Qxb6 axb6 7. Nc3 h6 8. Bd2
Nf6 9. Be2 Nbd7 10. O-O Bd6 11. a3 O-O 12. Rfe1 Ra7 13. Nh4 Bh7 14. f4 Rfa8 15.
Rac1 Ne4 16. Nxe4 Bxe4 17. Rf1 g5 18. Nf3 f6 19. Ne1 Kf7 20. fxg5 hxg5 21. Bd3
Rh8 22. Bxe4 dxe4 23. g3 Raa8 24. Nc2 Rh3 25. Kg2 Rah8 26. Rh1 f5 27. Rcf1 Nf6
28. d5 cxd5 29. cxd5 Nxd5 30. Nd4 Be5 31. Re1 Nf6 32. Bc3 Ng4 0-1

[Event "CN Seniori 2012"]
[Site "Sarata Monteoru/Romania"]
[Date "2012.02.13"]
[Round "1.14"]
[White "Manea, Alexandru"]
[Black "Badelita, Beniamin"]
[Result "1-0"]
[ECO "A30"]
[WhiteElo "2429"]
[BlackElo "1945"]
[PlyCount "53"]
[EventDate "2012.??.??"]
[TimeControl "40/5400+30:900+30"]

1. Nf3 c5 2. c4 e6 3. Nc3 Nf6 4. g3 b6 5. Bg2 Bb7 6. O-O Be7 7. d4 cxd4 8. Qxd4
Nc6 9. Qf4 a6 10. Rd1 O-O 11. Be3 Nh5 12. Qg4 Nf6 13. Qf4 Nh5 14. Qe4 Qc7 15.
Rac1 d6 16. Nd5 exd5 17. cxd5 Nf6 18. Qb1 Nxd5 19. Rxd5 Qb8 20. Bxb6 Ne5 21.
Bc7 Qa7 22. Nxe5 Bxd5 23. Bxd5 Rac8 24. Nxf7 g6 25. Nxd6+ Kg7 26. Nxc8 Qxf2+
27. Kh1 1-0

[Event "CN Seniori 2012"]
[Site "Sarata Monteoru/Romania"]
[Date "2012.02.13"]
[Round "1.15"]
[White "Costachi, Mihnea"]
[Black "Baratosi, Daniel"]
[Result "1/2-1/2"]
[ECO "B07"]
[WhiteElo "1937"]
[BlackElo "2418"]
[PlyCount "71"]
[EventDate "2012.??.??"]
[TimeControl "40/5400+30:900+30"]

1. d4 d6 2. e4 Nf6 3. Bd3 g6 4. Ne2 Bg7 5. O-O O-O 6. h3 c5 7. c3 cxd4 8. cxd4
Nc6 9. Be3 e5 10. Nbc3 Ng4 11. hxg4 exd4 12. Nxd4 Nxd4 13. g5 Be6 14. f4 Qa5
15. Kh1 Bd7 16. f5 Be5 17. Qg4 Nc6 18. Qh4 Bxc3 19. bxc3 Qxc3 20. f6 h5 21. Be2
Qxe3 22. Bxh5 gxh5 23. Rae1 Qxe1 24. Qxe1 Bg4 25. Qd2 Kh7 26. g6+ Kxg6 27. e5
Nxe5 28. Qxd6 Rfe8 29. Qc7 Rad8 30. Qxb7 Rd7 31. Qe4+ Kh6 32. Qe3+ Kg6 33. Qe4+
Kh6 34. Qe3+ Kh7 35. Qe4+ Kh6 36. Qe3+ 1/2-1/2

[Event "CN Seniori 2012"]
[Site "Sarata Monteoru/Romania"]
[Date "2012.02.13"]
[Round "1.16"]
[White "Georgescu, Tiberiu-Marian"]
[Black "Arghirescu, Marius"]
[Result "1-0"]
[ECO "E91"]
[WhiteElo "2415"]
[BlackElo "1921"]
[PlyCount "133"]
[EventDate "2012.??.??"]
[TimeControl "40/5400+30:900+30"]

1. Nf3 d6 2. d4 Nf6 3. c4 g6 4. Nc3 Bg7 5. e4 Nc6 6. d5 Ne5 7. Nxe5 dxe5 8. Be2
O-O 9. Be3 e6 10. O-O exd5 11. exd5 Bd7 12. c5 c6 13. Bg5 h6 14. Bxf6 Bxf6 15.
Bc4 Qa5 16. Ne4 Bg7 17. a3 cxd5 18. Bxd5 Qc7 19. Qb3 Bc6 20. Rad1 Rad8 21. Nd6
Rd7 22. Rd2 b6 23. cxb6 Qxd6 24. Bxf7+ Rfxf7 25. Rxd6 Rxd6 26. bxa7 Rdd7 27.
Rc1 Bxg2 28. Kxg2 Rxa7 29. Rc6 Kh7 30. Qd3 Rf5 31. h4 h5 32. b4 e4 33. Qg3 Bf6
34. b5 Rg7 35. Rc7 Rxb5 36. Qf4 Rxc7 37. Qxc7+ Bg7 38. a4 Rb2 39. Qe7 Re2 40.
Kf1 Rd2 41. Qxe4 Rd4 42. Qc6 Rxh4 43. a5 Bd4 44. a6 Kh6 45. Qc1+ g5 46. Qc6+
Kg7 47. Qd7+ Kg6 48. Qe8+ Kf6 49. Qf8+ Kg6 50. Qd6+ Kg7 51. Qc7+ Kg6 52. Qc6+
Kg7 53. Qb7+ Kg6 54. a7 Bxa7 55. Qxa7 Rf4 56. Qb6+ Kg7 57. Qc7+ Kg6 58. Qd6+
Kg7 59. Ke2 h4 60. Qe7+ Kg6 61. Qe8+ Kh6 62. Qh8+ Kg6 63. Ke3 Kf5 64. Qh7+ Kf6
65. Qh6+ Kf5 66. f3 Ra4 67. Qf8+ 1-0

[Event "CN Seniori 2012"]
[Site "Sarata Monteoru/Romania"]
[Date "2012.02.13"]
[Round "1.17"]
[White "Neagu, Mihai-Cosmin"]
[Black "Anton, Teodor"]
[Result "0-1"]
[ECO "A21"]
[WhiteElo "1918"]
[BlackElo "2393"]
[PlyCount "54"]
[EventDate "2012.??.??"]
[TimeControl "40/5400+30:900+30"]

1. c4 e5 2. Nc3 d6 3. g3 g6 4. Bg2 Bg7 5. e4 c6 6. Nge2 Be6 7. d3 a6 8. a4 Ne7
9. Be3 O-O 10. O-O a5 11. Qd2 Na6 12. Bh6 Nc5 13. Bxg7 Kxg7 14. Rad1 Qb6 15. d4
Nb3 16. Qd3 Qb4 17. c5 Bc4 18. Qc2 Nxd4 19. Nxd4 Bxf1 20. Nf5+ Nxf5 21. exf5
Bxg2 22. f6+ Kxf6 23. Rxd6+ Kg7 24. Kxg2 Qxc5 25. Qd2 Qb4 26. Rd7 Rae8 27. Qg5
h6 0-1

[Event "CN Seniori 2012"]
[Site "Sarata Monteoru/Romania"]
[Date "2012.02.13"]
[Round "1.18"]
[White "Petrisor, Adrian-Marian"]
[Black "Stoicescu, Horia"]
[Result "1-0"]
[ECO "A40"]
[WhiteElo "2385"]
[BlackElo "1909"]
[PlyCount "87"]
[EventDate "2012.??.??"]
[TimeControl "40/5400+30:900+30"]

1. d4 c6 2. c4 b5 3. cxb5 cxb5 4. Nf3 Nf6 5. e3 a6 6. Bd3 Bb7 7. O-O e6 8. Nbd2
d5 9. a4 bxa4 10. Qxa4+ Qd7 11. Qd1 Bd6 12. Ne5 Qc7 13. f4 O-O 14. Rf3 Nc6 15.
Rh3 g6 16. Nxc6 Bxc6 17. Nf3 Bb5 18. Bb1 Qc4 19. Ne5 Bxe5 20. fxe5 Ne4 21. Bxe4
dxe4 22. Bd2 Rac8 23. Qe1 Qe2 24. Qh4 h5 25. Bc3 Qg4 26. Qxg4 hxg4 27. Rg3 Bd3
28. Rxg4 Kh7 29. Bb4 Rfe8 30. Bc5 Kh6 31. b4 Kh5 32. Rf4 Rc7 33. Ra2 g5 34. Rf6
Rg8 35. Raf2 Rg7 36. h3 Rh7 37. g4+ Kh4 38. Kg2 Rb7 39. Rd2 Bc4 40. Rb2 Bb5 41.
Rbf2 Bc4 42. Bf8 a5 43. Rb2 Rb5 44. Rc2 1-0

[Event "CN Seniori 2012"]
[Site "Sarata Monteoru/Romania"]
[Date "2012.02.14"]
[Round "2.1"]
[White "Parligras, Mircea-Emilian"]
[Black "Pessi, Emil-George"]
[Result "1-0"]
[ECO "A40"]
[WhiteElo "2650"]
[BlackElo "2272"]
[PlyCount "42"]
[EventDate "2012.??.??"]
[TimeControl "40/5400+30:900+30"]

1. d4 b5 2. e4 Bb7 3. Nd2 Nf6 4. e5 Nd5 5. Ngf3 a6 6. c3 e6 7. Nb3 Be7 8. Na5
Bc8 9. a4 c6 10. Nb3 Nb6 11. a5 Na4 12. Bd3 Qc7 13. c4 d6 14. exd6 Bxd6 15. c5
Bf4 16. O-O Nd7 17. Qc2 Nf6 18. Bxf4 Qxf4 19. Nc1 Nd5 20. Ne2 Qh6 21. b3 Nf6
1-0

[Event "CN Seniori 2012"]
[Site "Sarata Monteoru/Romania"]
[Date "2012.02.14"]
[Round "2.2"]
[White "Gilea, Lucian"]
[Black "Lupulescu, Constantin"]
[Result "0-1"]
[ECO "A32"]
[WhiteElo "2261"]
[BlackElo "2648"]
[PlyCount "60"]
[EventDate "2012.??.??"]
[TimeControl "40/5400+30:900+30"]

1. d4 Nf6 2. c4 e6 3. Nf3 c5 4. Nc3 cxd4 5. Nxd4 a6 6. a3 Qc7 7. e3 Nc6 8. b4
d5 9. Nxc6 bxc6 10. Bb2 Bd6 11. h3 O-O 12. Rc1 Qb8 13. c5 Bc7 14. e4 dxe4 15.
Bc4 Bf4 16. Rc2 e3 17. O-O a5 18. fxe3 Bxe3+ 19. Kh1 axb4 20. Rxf6 bxc3 21.
Bxc3 gxf6 22. Rf2 f5 23. Rf3 Bg5 24. Rxf5 f6 25. h4 Rxa3 26. hxg5 Rxc3 27. gxf6
Rxc4 28. f7+ Kh8 29. Qa1+ e5 30. Rxe5 Rc1+ 0-1

[Event "CN Seniori 2012"]
[Site "Sarata Monteoru/Romania"]
[Date "2012.02.14"]
[Round "2.3"]
[White "Vajda, Levente"]
[Black "Spulber, Cicirone"]
[Result "1-0"]
[ECO "B01"]
[WhiteElo "2594"]
[BlackElo "2244"]
[PlyCount "63"]
[EventDate "2012.??.??"]
[TimeControl "40/5400+30:900+30"]

1. e4 d5 2. exd5 Qxd5 3. Nc3 Qd6 4. d4 Nf6 5. Bc4 c6 6. Nge2 Bf5 7. Bf4 Qd8 8.
Ng3 Bg6 9. h4 h6 10. h5 Bh7 11. d5 cxd5 12. Nxd5 Nxd5 13. Bxd5 Nc6 14. O-O e6
15. Bxc6+ bxc6 16. Qg4 Qf6 17. Rfe1 Be7 18. Be5 Qg5 19. Qxg5 Bxg5 20. Bxg7 Rg8
21. Be5 Bxc2 22. Ne4 f5 23. Nxg5 Rxg5 24. f3 Rxh5 25. Rac1 Bd3 26. Rxc6 Rd8 27.
Rxe6+ Kf7 28. Rf6+ Kg8 29. Rg6+ Kf8 30. Rd6 Rxd6 31. Bxd6+ Kg8 32. Bf4 1-0

[Event "CN Seniori 2012"]
[Site "Sarata Monteoru/Romania"]
[Date "2012.02.14"]
[Round "2.4"]
[White "Mosnegutu, Klauss"]
[Black "Szabo, Gergely-Andras-Gyul"]
[Result "0-1"]
[ECO "A33"]
[WhiteElo "2246"]
[BlackElo "2554"]
[PlyCount "58"]
[EventDate "2012.??.??"]
[TimeControl "40/5400+30:900+30"]

1. d4 Nf6 2. c4 e6 3. Nf3 c5 4. Nc3 cxd4 5. Nxd4 Nc6 6. a3 Bc5 7. Nxc6 bxc6 8.
b4 Be7 9. c5 a5 10. Rb1 axb4 11. axb4 Ba6 12. g3 O-O 13. Bg2 Nd5 14. Bd2 Bf6
15. Ne4 Be5 16. O-O f5 17. Nd6 Qf6 18. Bxd5 exd5 19. Bf4 Bxf4 20. gxf4 Qh4 21.
f3 Qxf4 22. Qc2 Qe3+ 23. Rf2 f4 24. Rb3 Qd4 25. Kf1 Bc4 26. Rb1 Ra2 27. Qd1 Rd2
28. Qa4 Bxe2+ 29. Rxe2 Qd3 0-1

[Event "CN Seniori 2012"]
[Site "Sarata Monteoru/Romania"]
[Date "2012.02.14"]
[Round "2.5"]
[White "Manolache, Marius"]
[Black "Paval, George"]
[Result "1/2-1/2"]
[ECO "A45"]
[WhiteElo "2552"]
[BlackElo "2229"]
[PlyCount "345"]
[EventDate "2012.??.??"]
[TimeControl "40/5400+30:900+30"]

1. d4 Nf6 2. Bg5 Ne4 3. Bf4 d5 4. e3 c5 5. Bd3 cxd4 6. exd4 Nf6 7. Nc3 a6 8. h3
Nc6 9. Nf3 Nb4 10. O-O Nxd3 11. cxd3 e6 12. Qb3 Bd6 13. Be5 O-O 14. Na4 Bxe5
15. dxe5 Nd7 16. d4 b5 17. Nc5 Nxc5 18. dxc5 a5 19. a3 Rb8 20. Rfe1 Qc7 21. Qc2
b4 22. Ng5 g6 23. Nf3 bxa3 24. bxa3 Ba6 25. Qc1 Kg7 26. Nd4 Bc4 27. c6 Qe7 28.
Qe3 Rb2 29. Reb1 Rbb8 30. Qc3 Qc7 31. Qe3 Rfc8 32. Qg5 Kg8 33. h4 Bd3 34. Rd1
Ba6 35. h5 Rb2 36. Rab1 Ra2 37. Qf6 Qd8 38. Qxd8+ Rxd8 39. Rb6 Bc8 40. Nb5 Rc2
41. h6 f6 42. exf6 Kf7 43. f4 Kxf6 44. c7 Rd7 45. Nd6 Rdxc7 46. Ne8+ Kf5 47.
Nxc7 Rxc7 48. Rd4 g5 49. fxg5 Kxg5 50. Rb5 a4 51. Rb8 Kxh6 52. Rxa4 Kg6 53. Rd4
Rc5 54. Rg4+ Kf6 55. Rg8 Ba6 56. Rb6 Rc1+ 57. Kf2 Rc2+ 58. Ke1 Bd3 59. g4 Ke5
60. Re8 Re2+ 61. Kd1 Kd4 62. Rexe6 Ra2 63. Ke1 Rxa3 64. Kf2 Be4 65. Rf6 Rh3 66.
Ra6 h5 67. gxh5 Rxh5 68. Kg3 Rh1 69. Rf2 Rg1+ 70. Kf4 Rd1 71. Ra4+ Kc5 72. Ke5
Re1 73. Ra5+ Kc4 74. Ra4+ Kc5 75. Ra5+ Kc4 76. Rf4 Kc3 77. Ra3+ Kc4 78. Ra5 Kc3
79. Rc5+ Kd3 80. Ra5 Kc3 81. Ra3+ Kb4 82. Rg3 Kc4 83. Rh4 Rf1 84. Rf4 Rh1 85.
Rg5 Rh6 86. Rf1 Rh3 87. Rc1+ Kd3 88. Ra1 Kc4 89. Rag1 Rf3 90. Rc1+ Kd3 91. Rd1+
Kc4 92. Rg8 Rf5+ 93. Ke6 Rf2 94. Rc8+ Kb4 95. Ke5 Rh2 96. Kd4 Kb3 97. Rc7 Rg2
98. Ra1 Rd2+ 99. Ke5 Rc2 100. Rb1+ Ka2 101. Rcb7 Re2 102. R1b6 Ka1 103. Rg7 Rh2
104. Kd4 Rd2+ 105. Ke3 Rh2 106. Kd4 Rd2+ 107. Kc3 Rc2+ 108. Kd4 Rd2+ 109. Ke5
Rh2 110. Rg3 Rf2 111. Rc3 Rd2 112. Rb4 Ka2 113. Rc5 Ka1 114. Ra5+ Ra2 115.
Rxa2+ Kxa2 116. Kd4 Ka1 117. Kc3 Bb1 118. Rd4 Ba2 119. Kc2 Bb1+ 120. Kc1 Ba2
121. Rd1 Bb1 122. Rxd5 Ba2 123. Rb5 Bf7 124. Rb1+ Ka2 125. Rb7 Bg6 126. Rg7 Bf5
127. Rg5 Bh7 128. Rg2+ Ka1 129. Rb2 Bg8 130. Rb1+ Ka2 131. Rb8 Bf7 132. Ra8+
Kb3 133. Rf8 Bd5 134. Rf2 Be4 135. Rb2+ Ka3 136. Re2 Bg6 137. Kd2 Kb2 138. Re6
Bb1 139. Rb6+ Ka1 140. Kc3 Ba2 141. Rf6 Bb1 142. Kb3 Ba2+ 143. Ka3 Bb1 144. Rf2
Bg6 145. Ra2+ Kb1 146. Rg2 Bf7 147. Rg5 Be6 148. Rg7 Bd5 149. Re7 Bg8 150. Kb4
Ba2 151. Kc3 Ka1 152. Re1+ Bb1 153. Rg1 Ka2 154. Rg2+ Ka1 155. Kb3 Bf5 156.
Ra2+ Kb1 157. Ra6 Bc2+ 158. Kc3 Bh7 159. Ra7 Bf5 160. Rg7 Ka1 161. Ra7+ Kb1
162. Rf7 Be4 163. Rf4 Bh7 164. Rg4 Bf5 165. Rg5 Bh7 166. Kb3 Bc2+ 167. Kc3 Be4
168. Kd2 Ka1 169. Ra5+ Kb2 170. Rb5+ Ka1 171. Kc1 Ka2 172. Rg5 Bh7 173. Ra5+
1/2-1/2

[Event "CN Seniori 2012"]
[Site "Sarata Monteoru/Romania"]
[Date "2012.02.14"]
[Round "2.6"]
[White "Daianu, Cristian-Clement"]
[Black "Nevednichy, Vladislav"]
[Result "0-1"]
[ECO "B56"]
[WhiteElo "2242"]
[BlackElo "2546"]
[PlyCount "62"]
[EventDate "2012.??.??"]
[TimeControl "40/5400+30:900+30"]

1. e4 c5 2. Nf3 d6 3. d4 cxd4 4. Nxd4 Nf6 5. Nc3 Nc6 6. Be3 Ng4 7. Bb5 Nxe3 8.
fxe3 Bd7 9. O-O g6 10. Bxc6 bxc6 11. Qf3 f6 12. e5 dxe5 13. Nxc6 Qc8 14. Nxe5
Be6 15. Nc6 Bg4 16. Qe4 Bf5 17. Qf3 Bg4 18. Qe4 Bf5 19. Rxf5 Qxf5 20. Qa4 Bh6
21. Ne5+ Kf8 22. Ng4 Kg7 23. Rf1 Qe6 24. Rf3 Rhc8 25. Nxh6 Kxh6 26. h3 Rab8 27.
Qa3 Rd8 28. e4 Rb7 29. b3 Kg7 30. Qc1 Qe5 31. Qe1 Rc7 0-1

[Event "CN Seniori 2012"]
[Site "Sarata Monteoru/Romania"]
[Date "2012.02.14"]
[Round "2.8"]
[White "Baciu, Stefan"]
[Black "Jianu, Vlad-Cristian"]
[Result "1-0"]
[ECO "D95"]
[WhiteElo "2222"]
[BlackElo "2508"]
[PlyCount "67"]
[EventDate "2012.??.??"]
[TimeControl "40/5400+30:900+30"]

1. d4 Nf6 2. c4 g6 3. Nc3 d5 4. Nf3 Bg7 5. e3 O-O 6. Qb3 e6 7. Bd2 Nc6 8. cxd5
exd5 9. Be2 Rb8 10. O-O Be6 11. Rfd1 Ne4 12. Be1 f5 13. Rac1 Kh8 14. Na4 f4 15.
Nc5 Nxc5 16. Rxc5 Bg8 17. Rdc1 Qe7 18. Bb5 fxe3 19. Qxe3 Qe4 20. Bxc6 bxc6 21.
b3 Rbe8 22. Qxe4 dxe4 23. Ne5 Bd5 24. Nxc6 Bxc6 25. Rxc6 e3 26. f3 e2 27. d5
Bd4+ 28. Kh1 Rf5 29. Re6 Rxe6 30. dxe6 c5 31. Rc4 Kg7 32. b4 Kf6 33. bxc5 Rxc5
34. e7 1-0